 Dungeon Crawl Stone Soup version 0.19.1 (webtiles) character file.

75 nikopol the Chopper (level 4, -1/40 HPs)
             Began as a Minotaur Berserker on Dec 6, 2016.
             Was a Believer of Trog.
             Slain by Grinder (8 damage)
             ... while paralysed by Grinder
             ... on level 3 of the Dungeon.
             The game lasted 00:03:39 (1905 turns).

nikopol the Chopper (Minotaur Berserker)            Turns: 1905, Time: 00:03:40

Health: -1/40      AC:  6    Str: 21    XL:     4   Next: 11%
Magic:  3/3        EV:  2    Int:  4    God:    Trog [**....]
Gold:   57         SH:  0    Dex: 11    Spells: 0 memorised, 3 levels left

rFire  . . .     SeeInvis .     w - +0 war axe
rCold  . . .     Gourm    .     v - +0 scale mail
rNeg   . . .     Faith    .     (no shield)
rPois  .         Spirit   .     (helmet restricted)
rElec  .         Reflect  .     (no cloak)
rCorr  .         Harm     .     (no gloves)
MR     .....                    (no boots)
Stlth  ..........               (no amulet)
                                (no ring)
                                (no ring)

@: paralysed, drained
A: retaliatory headbutt, horns 2
a: Berserk, Trog's Hand, Burn Spellbooks, Renounce Religion


You were on level 3 of the Dungeon.
You worshipped Trog.
Trog was pleased with you.
You were not hungry.

You visited 1 branch of the dungeon, and saw 3 of its levels.

You collected 57 gold pieces.

Inventory:

Hand Weapons
 a - a +0 hand axe
 w - a +0 war axe (weapon)
Armour
 b - a +0 animal skin
 o - a +0 ring mail
 v - a +0 scale mail (worn)
Jewellery
 f - a +2 ring of strength {unknown}
 i - an uncursed ring of magical power {unknown}
Wands
 r - a wand of flame (24/48)
Scrolls
 d - a scroll of enchant armour {unknown}
 e - 8 scrolls of identify {unknown}
 g - a scroll of teleportation {unknown}
 h - a scroll of fog {unknown}
 m - a scroll of noise {unknown}
 q - a scroll of recharging {unknown}
 t - a scroll of fear {unknown}
 u - a scroll of random uselessness {unknown}
Potions
 j - a potion of resistance {unknown}
 k - a potion of cancellation {unknown}
 l - a potion of curing {unknown}
 n - a potion of flight {unknown}
Comestibles
 c - 2 bread rations
 p - 2 chunks of flesh
 s - a meat ration


   Skills:
 + Level 4.2(3.8) Fighting
 + Level 4.7(4.3) Axes
 + Level 3.3(2.9) Armour
 + Level 2.8(2.4) Dodging


You had 3 spell levels left.
You didn't know any spells.

Dungeon Overview and Level Annotations

Branches:
Dungeon (3/15)

Altars:
Fedhas
Hepliaklqana
Kikubaaqudgha
Xom
Yredelemnul

Annotations:
D:3 Grinder


Innate Abilities, Weirdness & Mutations

You reflexively headbutt those who attack you in melee.
You have a pair of horns on your head.


Message History

You are too injured to fight recklessly!
You are too injured to fight recklessly!
You are too injured to fight recklessly!
You are too injured to fight recklessly!
You are too injured to fight recklessly!
You closely miss Grinder. You headbutt Grinder.
Grinder is almost dead.
Grinder gestures at you. You resist with significant effort.
You hit Grinder but do no damage.
Grinder is almost dead.
Grinder gestures at you.
You suddenly lose the ability to move!
Grinder hits you.
* * * LOW HITPOINT WARNING * * *
You writhe in agony.
* * * LOW HITPOINT WARNING * * *
Grinder hits you.
* * * LOW HITPOINT WARNING * * *
Grinder hits you!
You die...

#.### ##......###
#.. ##....######
##.######..[#####...
................##
#####.#.########
###### ##.#.# #.
#....# #....# #..
#....###..### #.
#...@.....# #
#..5.###### #.!..#
#....# #....# #....#
######


You could see Grinder.

Vanquished Creatures
  An ooze (D:1)
  4 worms
  2 dart slugs
  A leopard gecko (D:2)
  A giant cockroach (D:1)
  6 goblins
  8 hobgoblins
  10 kobolds
  A quokka (D:2)
  A ball python (D:2)
  10 bats
  A frilled lizard (D:2)
  10 rats
56 creatures vanquished.

Notes
Turn   | Place    | Note
-------+----------+-------------------------------------------
     0 | D:1      | nikopol the Minotaur Berserker began the quest for the Orb.
     0 | D:1      | Reached XP level 1. HP: 19/19 MP: 0/0
   324 | D:1      | Reached XP level 2. HP: 27/27 MP: 1/1
   859 | D:2      | Found a basalt altar of Yredelemnul.
   869 | D:2      | Found a blossoming altar of Fedhas.
   951 | D:2      | Reached XP level 3. HP: 18/33 MP: 2/2
  1295 | D:2      | Reached ** piety under Trog
  1406 | D:2      | Found a hazy altar of Hepliaklqana.
  1407 | D:2      | Found a shimmering altar of Xom.
  1407 | D:2      | Noticed a yak
  1408 | D:2      | Noticed a spectral ugly thing
  1408 | D:2      | Noticed a yak
  1689 | D:3      | Found an ancient bone altar of Kikubaaqudgha.
  1711 | D:3      | Found a faded altar of an unknown god.
  1775 | D:3      | Reached XP level 4. HP: 40/40 MP: 3/3
  1892 | D:3      | Noticed Grinder
  1903 | D:3      | Paralysed by Grinder for 3 turns
  1905 | D:3      | Slain by Grinder

Skill      XL: |  1  2  3 |
---------------+----------+-----
Axes           | 4 |  4.7
Fighting       | 4 |  4.2
Armour         | 3 |  3.3
Dodging        | |  2.8

Action                   |  1- 3 |  4- 6 || total
-------------------------+-------+-------++-------
Melee: Hand axe          |   116 |     6 ||   122
       Headbutt          |    16 |     5 ||    21
       War axe           |       |     9 ||     9
 Stab: Sleeping          |     1 |       ||     1
  Eat: Chunk             |     3 |       ||     3
Armor: Animal skin       |    20 |       ||    20
       Ring mail         |     1 |     1 ||     2
       Scale mail        |       |     3 ||     3
Dodge: Dodged            |    75 |     6 ||    81
